TOP OF THE 1ST |
Colorado Avalanche batting - Pitching for Calgary Flames : LHP Tony Duque
|
Pitching: LHP Tony Duque
|
|
Batting: LHB Nick Martin
|
0-0: Swinging Strike 0-1: Called Strike 0-2: Ball 1-2: Ball 2-2: Strikes out swinging
|
Batting: RHB Eric Delgado
|
0-0: Foul Ball, location: 2F 0-1: Ball 1-1: Ball 2-1: Foul Ball, location: 2F 2-2: Ground out U3 (Groundball, 3, EV 86.9 MPH)
|
Batting: RHB Seisaburo Edagawa
|
0-0: SINGLE (Line Drive, 78S, EV 97.5 MPH)
|
Batting: SHB Ken Griffey IV
|
0-0: Ball 1-0: DOUBLE (Line Drive, 89M, EV 91.2 MPH) Seisaburo Edagawa to third Runner from 3rd tries for Home, SAFE, throw by RF to trailing runner, SAFE at third!
|
Batting: RHB Bob Hayes
|
0-0: Foul Ball, location: 2F 0-1: Ball 1-1: Ball 2-1: Ball 3-1: Fly out, F6 (Popup, 4M, EV 59.4 MPH)
|
Top of the 1st over - 1 run, 2 hits, 0 errors, 1 left on base; Colorado 1 - Calgary 0 |
BOTTOM OF THE 1ST |
Calgary Flames batting - Pitching for Colorado Avalanche : RHP Diego Arredondo
|
Pitching: RHP Diego Arredondo
|
|
Batting: RHB Elias Vences
|
0-0: Called Strike 0-1: Ball 1-1: Foul Ball, location: 2F 1-2: Foul Ball, location: 2F 1-2: Ball 2-2: Foul Ball, location: 2F 2-2: Ball 3-2: SOLO HOME RUN (Flyball, 7D, EV 103.1 MPH), Distance : 409 ft
|
Batting: RHB Norinaga Yamakawakamatsu
|
0-0: Ball 1-0: Foul Ball, location: 2F 1-1: Ball 2-1: Foul Ball, location: 2F 2-2: Foul Ball, location: 2F 2-2: Ball 3-2: Strikes out swinging
|
Batting: RHB Edgardo Rivera
|
0-0: Called Strike 0-1: Called Strike 0-2: Ball 1-2: Strikes out swinging
|
Batting: LHB Gary Corrales
|
0-0: Ball 1-0: Ball 2-0: Swinging Strike 2-1: Swinging Strike 2-2: Strikes out looking
|
Bottom of the 1st over - 1 run, 1 hit, 0 errors, 0 left on base; Colorado 1 - Calgary 1 |
TOP OF THE 2ND |
Colorado Avalanche batting - Pitching for Calgary Flames : LHP Tony Duque
|
Batting: LHB Zane Kelton
|
0-0: Foul Ball, location: 2F 0-1: Ball 1-1: Swinging Strike 1-2: Ball 2-2: Ball 3-2: Base on Balls
|
Batting: RHB Wali Mulogo
|
0-0: Ball 1-0: Swinging Strike 1-1: Ball 2-1: Swinging Strike 2-2: Foul Ball, location: 2F 2-2: Ball 3-2: Strikes out swinging
|
Batting: RHB Aaron Burnet
|
0-0: Called Strike 0-1: Swinging Strike 0-2: Strikes out swinging
|
Batting: RHB Mike Chiquete
|
0-0: Swinging Strike 0-1: Foul Ball, location: 2F 0-2: Strikes out looking
|
Top of the 2nd over - 0 runs, 0 hits, 0 errors, 1 left on base; Colorado 1 - Calgary 1 |
BOTTOM OF THE 2ND |
Calgary Flames batting - Pitching for Colorado Avalanche : RHP Diego Arredondo
|
Batting: RHB Willie Torres
|
0-0: Called Strike 0-1: Fly out, F8 (Flyball, 89D, EV 96.9 MPH)
|
Batting: LHB Bruce Daley
|
0-0: Ball 1-0: Ball 2-0: Foul Ball, location: 2F 2-1: Ball 3-1: Swinging Strike 3-2: Foul Ball, location: 2F 3-2: Base on Balls
|
Batting: RHB Tyler Johnson
|
0-0: Called Strike 0-1: 2-RUN HOME RUN (Line Drive, 7LD, EV 100.6 MPH), Distance : 383 ft
|
Batting: RHB Antonio Martinez
|
0-0: Ball 1-0: Swinging Strike 1-1: Ball 2-1: Called Strike 2-2: Fly out, F8 (Flyball, 8LS, EV 83.8 MPH)
|
Batting: RHB Pablo Henriquez
|
0-0: Foul Ball, location: 2F 0-1: Ball 1-1: Ball 2-1: Swinging Strike 2-2: Strikes out looking
|
Bottom of the 2nd over - 2 runs, 1 hit, 0 errors, 0 left on base; Colorado 1 - Calgary 3 |
TOP OF THE 3RD |
Colorado Avalanche batting - Pitching for Calgary Flames : LHP Tony Duque
|
Batting: LHB Nick Martin
|
0-0: Ball 1-0: Foul Ball, location: 2F 1-1: Foul Ball, location: 2F 1-2: Ball 2-2: Ball 3-2: Ground out 4-3 (Groundball, 4, EV 76.9 MPH)
|
Batting: RHB Eric Delgado
|
0-0: Ball 1-0: Called Strike 1-1: Ball 2-1: Called Strike 2-2: Ball 3-2: Base on Balls
|
Batting: RHB Seisaburo Edagawa
|
0-0: Called Strike 0-1: Fly out, F4 (Popup, 34, EV 83.1 MPH)
|
Batting: SHB Ken Griffey IV
|
0-0: Foul Ball, location: 2F 0-1: Ball 1-1: Ball 2-1: Swinging Strike 2-2: Strikes out swinging
|
Top of the 3rd over - 0 runs, 0 hits, 0 errors, 1 left on base; Colorado 1 - Calgary 3 |
BOTTOM OF THE 3RD |
Calgary Flames batting - Pitching for Colorado Avalanche : RHP Diego Arredondo
|
Batting: RHB Elias Vences
|
0-0: Swinging Strike 0-1: Foul Ball, location: 2F 0-2: Ball 1-2: Ball 2-2: Foul Ball, location: 2F 2-2: Ball 3-2: Ground out 6-3 (Groundball, 6MS, EV 82.5 MPH)
|
Batting: RHB Norinaga Yamakawakamatsu
|
0-0: Called Strike 0-1: Ball 1-1: Called Strike 1-2: Foul Ball, location: 2F 1-2: Ball 2-2: Foul Ball, location: 2F 2-2: Strikes out swinging
|
Batting: RHB Edgardo Rivera
|
0-0: Ball 1-0: Swinging Strike 1-1: Foul Ball, location: 2F 1-2: Ball 2-2: Ball 3-2: Ground out 1-3 (Groundball, 13S, EV 74.4 MPH)
|
Bottom of the 3rd over - 0 runs, 0 hits, 0 errors, 0 left on base; Colorado 1 - Calgary 3 |
TOP OF THE 4TH |
Colorado Avalanche batting - Pitching for Calgary Flames : LHP Tony Duque
|
Batting: RHB Bob Hayes
|
0-0: Ball 1-0: SINGLE (Line Drive, 7S, EV 93.8 MPH)
|
Batting: LHB Zane Kelton
|
0-0: Swinging Strike 0-1: Swinging Strike 0-2: Ball 1-2: Strikes out swinging
|
Batting: RHB Wali Mulogo
|
0-0: Foul Ball, location: 2F 0-1: Ball 1-1: Foul Ball, location: 2F 1-2: 2-RUN HOME RUN (Flyball, 7D, EV 105.0 MPH), Distance : 422 ft
|
Batting: RHB Aaron Burnet
|
0-0: Ball 1-0: Called Strike 1-1: Called Strike 1-2: SOLO HOME RUN (Flyball, 7LD, EV 100.0 MPH), Distance : 366 ft
|
Batting: RHB Mike Chiquete
|
0-0: Ball 1-0: Fly out, F8 (Flyball, 8LD, EV 101.2 MPH)
|
Batting: LHB Nick Martin
|
0-0: Ball 1-0: Foul Ball, location: 2F 1-1: Swinging Strike 1-2: Ball 2-2: Foul Ball, location: 2F 2-2: Foul Ball, location: 2F 2-2: DOUBLE (Flyball, 7LD, EV 98.8 MPH)
|
Batting: RHB Eric Delgado
|
0-0: Fly out, F7 (Flyball, 7, EV 87.5 MPH)
|
Top of the 4th over - 3 runs, 4 hits, 0 errors, 1 left on base; Colorado 4 - Calgary 3 |
BOTTOM OF THE 4TH |
Calgary Flames batting - Pitching for Colorado Avalanche : RHP Diego Arredondo
|
Batting: LHB Gary Corrales
|
0-0: Ball 1-0: SOLO HOME RUN (Flyball, 9D, EV 96.9 MPH), Distance : 382 ft
|
Batting: RHB Willie Torres
|
0-0: Ball 1-0: Ball 2-0: Called Strike 2-1: Foul Ball, location: 2F 2-2: Strikes out swinging, 2-3 out at first.
|
Batting: LHB Bruce Daley
|
0-0: Ball 1-0: Foul Ball, location: 2F 1-1: Ball 2-1: Fly out, F8 (Flyball, 8LD, EV 93.8 MPH)
|
Batting: RHB Tyler Johnson
|
0-0: Called Strike 0-1: Ball 1-1: Ball 2-1: Called Strike 2-2: Foul Ball, location: 2F 2-2: Ground out 3-1 (Groundball, 34S, EV 86.9 MPH)
|
Bottom of the 4th over - 1 run, 1 hit, 0 errors, 0 left on base; Colorado 4 - Calgary 4 |
TOP OF THE 5TH |
Colorado Avalanche batting - Pitching for Calgary Flames : LHP Tony Duque
|
Batting: RHB Seisaburo Edagawa
|
0-0: Fly out, F9 (Line Drive, 9S, EV 86.9 MPH)
|
Batting: SHB Ken Griffey IV
|
0-0: Ball 1-0: Ball 2-0: Ball 3-0: Called Strike 3-1: Base on Balls
|
Batting: RHB Bob Hayes
|
0-0: Ball 1-0: Called Strike 1-1: Ball 2-1: Ball 3-1: Fly out, F4 (Flyball, 4MD, EV 81.9 MPH)
|
Batting: LHB Zane Kelton
|
0-0: Ball 1-0: Ball 2-0: Foul Ball, location: 2F 2-1: Ball 3-1: Base on Balls Ken Griffey IV to second
|
Batting: RHB Wali Mulogo
|
0-0: Called Strike 0-1: Ball 1-1: Ball 2-1: Fly out, F7 (Line Drive, 7LM, EV 85.0 MPH)
|
Top of the 5th over - 0 runs, 0 hits, 0 errors, 2 left on base; Colorado 4 - Calgary 4 |
BOTTOM OF THE 5TH |
Calgary Flames batting - Pitching for Colorado Avalanche : RHP Diego Arredondo
|
Batting: RHB Antonio Martinez
|
0-0: Ball 1-0: Foul Ball, location: 2F 1-1: Fly out, F8 (Flyball, 8RM, EV 83.8 MPH)
|
Batting: RHB Pablo Henriquez
|
0-0: Called Strike 0-1: Called Strike 0-2: Strikes out swinging
|
Batting: RHB Elias Vences
|
0-0: Called Strike 0-1: Foul Ball, location: 2F 0-2: Strikes out looking
|
Bottom of the 5th over - 0 runs, 0 hits, 0 errors, 0 left on base; Colorado 4 - Calgary 4 |
TOP OF THE 6TH |
Colorado Avalanche batting - Pitching for Calgary Flames : LHP Tony Duque
|
Batting: RHB Aaron Burnet
|
0-0: Swinging Strike 0-1: Foul Ball, location: 2F 0-2: Strikes out swinging
|
Batting: RHB Mike Chiquete
|
0-0: Called Strike 0-1: Foul Ball, location: 2F 0-2: Foul Ball, location: 2F 0-2: Strikes out swinging
|
Batting: LHB Nick Martin
|
0-0: SINGLE (Line Drive, 89S, EV 111.2 MPH)
|
Pitching: LHP Randy Latendresse
|
|
Batting: RHB Eric Delgado
|
0-0: Called Strike 0-1: Foul Ball, location: 2F 0-2: Foul Ball, location: 2F 0-2: Ball 1-2: Foul Ball, location: 2F 1-2: Hit by Pitch Nick Martin to second
|
Batting: RHB Seisaburo Edagawa
|
0-0: Ball 1-0: SINGLE (Flyball, 7LS, EV 95.6 MPH) Nick Martin to third Eric Delgado to second Runner from 3rd tries for Home, SAFE, throw by LF to home
|
Batting: SHB Ken Griffey IV
|
0-0: Ball 1-0: Ball 2-0: Ball 3-0: Called Strike 3-1: Swinging Strike 3-2: Foul Ball, location: 2F 3-2: Foul Ball, location: 2F 3-2: Foul Ball, location: 2F 3-2: Base on Balls Eric Delgado to third Seisaburo Edagawa to second
|
Batting: RHB Bob Hayes
|
0-0: Foul Ball, location: 2F 0-1: Ball 1-1: SINGLE (Groundball, 56, EV 103.1 MPH) Eric Delgado scores Seisaburo Edagawa to third Ken Griffey IV to second Runner from 3rd tries for Home, SAFE, throw by LF to home
|
Batting: LHB Zane Kelton
|
0-0: Called Strike 0-1: Ball 1-1: Ball 2-1: Ball 3-1: Ground out 1-3 (Groundball, P, EV 68.1 MPH)
|
Top of the 6th over - 3 runs, 3 hits, 0 errors, 2 left on base; Colorado 7 - Calgary 4 |
BOTTOM OF THE 6TH |
Calgary Flames batting - Pitching for Colorado Avalanche : RHP Diego Arredondo
|
Batting: RHB Norinaga Yamakawakamatsu
|
0-0: Foul Ball, location: 2F 0-1: Ball 1-1: Fly out, F7 (Flyball, 78S, EV 99.4 MPH)
|
Batting: RHB Edgardo Rivera
|
0-0: Swinging Strike 0-1: Fly out, F9 (Flyball, 9, EV 85.6 MPH)
|
Batting: LHB Gary Corrales
|
0-0: Ball 1-0: Ball 2-0: Called Strike 2-1: Ball 3-1: Called Strike 3-2: Foul Ball, location: 2F 3-2: Strikes out looking
|
Bottom of the 6th over - 0 runs, 0 hits, 0 errors, 0 left on base; Colorado 7 - Calgary 4 |
TOP OF THE 7TH |
Colorado Avalanche batting - Pitching for Calgary Flames : LHP Randy Latendresse
|
Batting: RHB Wali Mulogo
|
0-0: Called Strike 0-1: Foul Ball, location: 2F 0-2: Foul Ball, location: 2F 0-2: Ball 1-2: SINGLE (Line Drive, 4MD, EV 95.0 MPH)
|
Batting: RHB Aaron Burnet
|
0-0: Called Strike 0-1: Swinging Strike 0-2: Strikes out swinging
|
Batting: RHB Mike Chiquete
|
Pickoff Throw to First - Out! 1-3 CS 0-0: Called Strike 0-1: Ball 1-1: Ball 2-1: Fly out, F9 (Line Drive, 9, EV 97.5 MPH)
|
Top of the 7th over - 0 runs, 1 hit, 0 errors, 0 left on base; Colorado 7 - Calgary 4 |
BOTTOM OF THE 7TH |
Calgary Flames batting - Pitching for Colorado Avalanche : RHP Diego Arredondo
|
Batting: RHB Willie Torres
|
0-0: Called Strike 0-1: Fly out, F9 (Line Drive, 9, EV 92.5 MPH)
|
Batting: LHB Bruce Daley
|
0-0: Ball 1-0: Swinging Strike 1-1: Swinging Strike 1-2: Strikes out swinging
|
Batting: RHB Tyler Johnson
|
0-0: Called Strike 0-1: Reached via error on a dropped throw from 1B, E1 (Groundball, 34, EV 100.0 MPH)
|
Batting: RHB Antonio Martinez
|
0-0: Ball 1-0: Called Strike 1-1: Foul Ball, location: 2F 1-2: SINGLE (Flyball, 89S, EV 91.9 MPH) Tyler Johnson to second Runner from 2nd tries for 3rd, SAFE, throw by CF made to third
|
Pinch Hitting: SHB Yu-hsui Lew
|
0-0: Fly out, F5 (Popup, 25F, EV 91.2 MPH)
|
Bottom of the 7th over - 0 runs, 1 hit, 1 error, 2 left on base; Colorado 7 - Calgary 4 |
BOTTOM OF THE 8TH |
Calgary Flames batting - Pitching for Colorado Avalanche : RHP Diego Arredondo
|
Now in RF: Glenn Lowther
|
|
Batting: RHB Elias Vences
|
0-0: Called Strike 0-1: Ball 1-1: Ball 2-1: Ball 3-1: Base on Balls
|
Batting: RHB Norinaga Yamakawakamatsu
|
0-0: Ball 1-0: Ball 2-0: Ball 3-0: Base on Balls Elias Vences to second
|
Batting: RHB Edgardo Rivera
|
0-0: Called Strike 0-1: Fly out, F8 (Flyball, 8RXD, EV 100.0 MPH) Runner from 2nd tags up, SAFE at 3rd, no throw by CF
|
Pinch Hitting: RHB Victor Contreras
|
0-0: Foul Ball, location: 2F 0-1: Grounds into double play, 6-4-3 (Groundball, 56, EV 85.6 MPH)
|
Bottom of the 8th over - 0 runs, 0 hits, 0 errors, 1 left on base; Colorado 7 - Calgary 4 |
TOP OF THE 9TH |
Colorado Avalanche batting - Pitching for Calgary Flames : LHP Cory Watson
|
Now in LF: Victor Contreras
|
|
Batting: SHB Ken Griffey IV
|
0-0: Foul Ball, location: 2F 0-1: Ball 1-1: Ball 2-1: Swinging Strike 2-2: SINGLE (Line Drive, 89S, EV 96.2 MPH)
|
Batting: RHB Bob Hayes
|
0-0: Called Strike 0-1: Called Strike Ken Griffey IV steals 2nd base 0-2: Ball 1-2: Foul Ball, location: 2F 1-2: Foul Ball, location: 2F 1-2: Foul Ball, location: 2F 1-2: Ball 2-2: Foul Ball, location: 2F 2-2: SINGLE (Groundball, P, EV 81.9 MPH) (infield hit) Ken Griffey IV to third
|
Batting: LHB Zane Kelton
|
0-0: Called Strike 0-1: Fielders Choice at 2nd, 4-6 (Groundball, 34S, EV 84.4 MPH) Ken Griffey IV scores
|
Batting: RHB Wali Mulogo
|
0-0: Foul Ball, location: 2F 0-1: SINGLE (Groundball, 56D, EV 102.5 MPH) Zane Kelton to second Runner from 2nd tries for 3rd, SAFE, no throw by LF
|
Batting: RHB Aaron Burnet
|
0-0: Ball 1-0: DOUBLE (Groundball, 5L, EV 101.2 MPH) Zane Kelton scores Wali Mulogo to third Runner from 3rd tries for Home, SAFE, no throw by LF
|
Pitching: RHP Brice MacKenzie
|
|
Batting: RHB Mike Chiquete
|
0-0: Called Strike 0-1: Foul Ball, location: 2F 0-2: Strikes out swinging
|
Batting: LHB Glenn Lowther
|
0-0: Called Strike 0-1: Foul Ball, location: 2F 0-2: Ball 1-2: Ground out 6-3 (Groundball, 6, EV 89.4 MPH)
|
Top of the 9th over - 3 runs, 4 hits, 0 errors, 1 left on base; Colorado 10 - Calgary 4 |
BOTTOM OF THE 9TH |
Calgary Flames batting - Pitching for Colorado Avalanche : RHP Diego Arredondo
|
Batting: RHB Willie Torres
|
0-0: Ball 1-0: Swinging Strike 1-1: Called Strike 1-2: Ball 2-2: Strikes out looking
|
Pinch Hitting: RHB Mick Vaught
|
0-0: Ball 1-0: Ball 2-0: Ball 3-0: Called Strike 3-1: Base on Balls
|
Batting: RHB Tyler Johnson
|
0-0: Foul Ball, location: 2F 0-1: Grounds into double play, 6-4-3 (Groundball, 6, EV 89.4 MPH)
|
Bottom of the 9th over - 0 runs, 0 hits, 0 errors, 0 left on base; Colorado 10 - Calgary 4 |
|